 Dungeon Crawl Stone Soup version 0.22-a0-223-g0f5d773 (webtiles) character file.

80 Amnesiac the Conjurer (level 4, -1/26 HPs)
             Began as a Deep Elf Conjurer on Feb 18, 2018.
             Slain by an orc (5 damage)
             ... on level 3 of the Dungeon.
             The game lasted 00:03:33 (1634 turns).

Amnesiac the Conjurer (Deep Elf Conjurer)           Turns: 1634, Time: 00:03:33

Health: -1/26      AC:  2    Str:  5    XL:     4   Next: 18%
Magic:  9/11       EV: 13    Int: 21    God:
Gold:   81         SH:  0    Dex: 15    Spells: 7/10 levels left

rFire    . . .     SeeInvis .   (no weapon)
rCold    . . .     Gourm    .   (no shield)
rNeg     . . .     Faith    .   a - +0 robe
rPois    .         Spirit   .   (no helmet)
rElec    .         Reflect  .   (no cloak)
rCorr    .         Harm     .   (no gloves)
MR       .....                  (no boots)
Stlth    ++........             (no amulet)
HPRegen  0.08/turn              (no ring)
MPRegen  0.12/turn              (no ring)

@: no status effects
A: no striking features
a: no special abilities


You were on level 3 of the Dungeon.
You were not hungry.

You visited 1 branch of the dungeon, and saw 3 of its levels.

You collected 81 gold pieces.

Inventory:

Missiles
 j - 28 poisoned needles
Armour
 a - a +0 robe (worn)
Scrolls
 d - a scroll of enchant armour {!r, unknown}
 e - a scroll of fog {!r, unknown}
 f - 5 scrolls of identify {!r, unknown}
 i - a scroll of random uselessness {!r, unknown}
Potions
 c - a potion of might {!q, unknown}
 g - a potion of lignification {!q, unknown}
 h - 2 potions of resistance {!q, unknown}
 k - a potion of curing {!q, unknown}
Comestibles
 b - 6 rations
 l - 2 chunks of flesh


   Skills:
 + Level 1.7 Fighting
 - Level 2.4 Dodging
 - Level 2.4 Stealth
 + Level 3.6 Spellcasting
 + Level 5.4 Conjurations


You had 7 spell levels left.
You knew the following spells:

 Your Spells              Type           Power        Failure   Level  Hunger
a - Searing Ray           Conj           ####..       1%          2    ##.....
b - Magic Dart            Conj           ####         1%          1    None


Dungeon Overview and Level Annotations

Branches:
Dungeon (3/15)

Altars:
Fedhas
Hepliaklqana
Nemelex Xobeh
Trog
Uskayaw
Wu Jian
The Shining One


Message History

j - 28 poisoned needles (gained 13)
There is an open door here.
You see here a robe.
Partly explored, can't reach some places.
Partly explored, can't reach some places.
Partly explored, can't reach some places.
Partly explored, can't reach some places.
Casting: Searing Ray (safe; 2% risk of failure)
Confirm with . or Enter, or press ? or * to list all spells.
You can't see any susceptible monsters within range! (Use Z to cast anyway.)
What are your orders? t - Shout!
Orders for allies: a - Attack new target. r - Retreat! s - Stop attacking. g - Guard the area. f - Follow me.
Anything else - Cancel.
You shout for attention!
You hear a shout!
Unknown command.
Casting: Searing Ray (safe; 2% risk of failure)
Confirm with . or Enter, or press ? or * to list all spells.
Aiming: Searing Ray (safe; 2% risk of failure)
Press: ? - help, Shift-Dir - straight line, f - Terence
Aim: Terence, wielding a flail and wearing a scale mail The searing ray hits Terence.
Terence is moderately wounded. (Press . to maintain the ray.)
The searing ray hits Terence.
Terence is moderately wounded.
The searing ray hits Terence.
Terence is severely wounded.
The searing ray hits Terence.
You kill Terence!
You have reached level 4!
You feel clever.
You finish channeling your searing ray.
Things that are here:
a flail; a scale mail You see here a mace.
Done exploring.
Done exploring.
Done exploring.
Done exploring.
You see here a ring mail.
There is a stone staircase leading down here.
You climb downwards. 2 orcs come into view.
The ice beast misses you.
There is a stone staircase leading up here.
The orc misses you.
There is a stone staircase leading down here.
The ice beast hits you. The ice beast freezes you. The orc hits you.
The goblin barely misses you.
You hit the orc.
The orc is moderately wounded.
The ice beast hits you. The ice beast freezes you!
* * * LOW HITPOINT WARNING * * *
The goblin hits you with a club.
* * * LOW HITPOINT WARNING * * *
The orc hits you.
* * * LOW HITPOINT WARNING * * *
The ice beast hits you but does no damage.
The orc hits you.
You die...

#.# . ##.### ..
#....# ... ...
#.<..# ....
....##....##.....
.........>>......
.........o##.....
....##..og# ....
.... #..Y@# ...
... #....# ##
######


You could see an ice beast, 2 orcs and a goblin.

Vanquished Creatures
  Terence (D:2)
  2 adders (D:2)
  2 worms (D:2)
  3 dart slugs
  A giant cockroach (D:2)
  2 goblins (D:1)
  6 hobgoblins
  4 bats
  A frilled lizard (D:2)
  3 kobolds
  3 rats
28 creatures vanquished.

Notes
Turn   | Place    | Note
-------+----------+-------------------------------------------
     0 | D:1      | Amnesiac the Deep Elf Conjurer began the quest for the Orb.
     0 | D:1      | Reached XP level 1. HP: 10/10 MP: 6/6
   213 | D:1      | Reached skill level 1 in Fighting
   386 | D:1      | Found a hazy altar of Hepliaklqana.
   388 | D:1      | Reached XP level 2. HP: 15/16 MP: 5/8
   564 | D:2      | Learned a level 2 spell: Searing Ray
   592 | D:2      | Found a sparkling altar of Nemelex Xobeh.
   636 | D:2      | Noticed Terence
   760 | D:3      | Noticed an ice beast
   771 | D:2      | Found a blossoming altar of Fedhas.
   786 | D:2      | Reached skill level 5 in Conjurations
   786 | D:2      | Reached XP level 3. HP: 9/20 MP: 3/9
  1503 | D:2      | Found a hide-covered altar of Uskayaw.
  1503 | D:2      | Found a bloodstained altar of Trog.
  1516 | D:2      | Found an ornate altar of the Wu Jian Council.
  1520 | D:2      | Found a glowing golden altar of the Shining One.
  1521 | D:2      | Found a hazy altar of Hepliaklqana.
  1594 | D:2      | Killed Terence
  1594 | D:2      | Reached XP level 4. HP: 26/26 MP: 5/11
  1634 | D:3      | Slain by an orc

Vault maps used:
D:1:      wheals_arrival_shading, kennysheep_flooded_box, minmay_fountain_box
D:2:      lemuel_coloured_pillars_altar, fedhas_altar_1,
          chequers_temple_overflow_minitemple, uniq_terence
D:3:      first_ration

Skill      XL: |  1  2 |
---------------+-------+-----
Fighting       | 1 |  1.7
Conjurations   | 5 |  5.4
Dodging        | |  2.4
Stealth        | |  2.4
Spellcasting   | |  3.6

Action                   |  1- 3 |  4- 6 || total
-------------------------+-------+-------++-------
Melee: Unarmed           |     4 |     1 ||     5
 Cast: Magic Dart        |    44 |       ||    44
       Searing Ray       |    11 |       ||    11
 Stab: Sleeping          |     1 |       ||     1
  Eat: Chunk             |     2 |       ||     2
Armor: Robe              |     1 |     1 ||     2
Dodge: Dodged            |     6 |     3 ||     9

Table legend:
 A = Spawn XP
 B = Non-spawn XP
 C = Spawn XP percentage of total XP
 D = Spawn monster count
 E = Non-spawn monster count
 F = Spawn count percentage of total count
 G = Total turns spent on level
                    A         B        C        D         E        F      G
               +---------+---------+-------+---------+---------+-------+---------
         Total |       0 |     115 |   0.0 |       0 |      28 |   0.0 |  1634
               +---------+---------+-------+---------+---------+-------+---------
           D:1 |       0 |      16 |   0.0 |       0 |      10 |   0.0 |   558
           D:2 |       0 |      99 |   0.0 |       0 |      18 |   0.0 |  1066
               +---------+---------+-------+---------+---------+-------+---------
